[Event "Team 45 45 League T32"]
[Site "Internet Chess Club"]
[Date "2007.02.11"]
[Round "4"]
[White "joshtournman"]
[Black "JeCrainsDegun"]
[Result "1/2-1/2"]
[WhiteElo "1508"]
[BlackElo "1695"]
[ECO "C55"]
[TimeControl "2700+45"]

1. e4 e5 2. Nf3 Nc6 3. Bc4 Nf6 4. Nc3 Nxe4 5. Nxe4 d5 6. Bxd5 Qxd5 7. Nc3 Qd8 8.
O-O Bd6 9. Re1 O-O 10. d3 Bg4 11. h3 Bh5 12. Bg5 f6 13. Bh4 Bxf3 14. Qxf3 Nd4
15. Qd5+ Kh8 16. Rac1 Nf5 17. Qe4 Nxh4 18. Qxh4 c6 19. Ne4 Be7 20. Qg3 f5 21.
Nc3 Bd6 22. Qe3 Qc7 23. Rcd1 b6 24. d4 e4 25. Kh1 Rae8 26. f3 Bf4 27. Qe2 e3 28.
d5 Bg3 29. Rf1 cxd5 30. Nxd5 Qb7 31. f4 Bf2 32. Rd3 Rd8 33. Nxe3 Rxd3 34. Qxd3
Bxe3 35. Qxe3 Qf7 36. Qb3 Qe7 37. Qa3 Qf7 38. Re1 Rg8 39. Re7 Qc4 40. Qe3 Qxa2
41. Re8 Qf7 42. Rxg8+ Qxg8 43. Qe5 Qc8 44. Kh2 a6 45. c3 b5 46. g4 fxg4 47. hxg4
h6 48. f5 Qd8 49. Qg3 Kg8 50. Kg2 Qd5+ 51. Qf3 Qd2+ 52. Qf2 Qd6 53. Qe3 Kf7 54.
Qa7+ Kf6 55. Qd4+ Qe5 56. Qxe5+ Kxe5 57. Kf3 a5 58. Ke3 a4 59. Kf3 Kd5 60. Ke3
Kc4 61. Kd2 Kb3 62. Kc1 Ka2 63. Kc2 Ka1 64. b3 axb3+ 65. Kxb3 Kb1 66. c4 bxc4+
67. Kxc4 Kc2 68. Kd4 Kd2 69. Ke4 Ke2 70. Kf4 Kf2 71. g5 hxg5+ 72. Kxg5 Kf3 73.
Kg6 Kf4 {Game drawn by mutual agreement} 1/2-1/2

[Event "Team 45 45 League T32"]
[Site "Internet Chess Club"]
[Date "2007.02.11"]
[Round "4"]
[White "Zebbile"]
[Black "chsrules88"]
[Result "0-1"]
[WhiteElo "2107"]
[BlackElo "2062"]
[ECO "D12"]
[TimeControl "2700+45"]

1. d4 d5 2. c4 c6 3. Nf3 Nf6 4. e3 Bf5 5. Nc3 dxc4 6. Bxc4 e6 7. O-O Bb4 8. Qe2
O-O 9. e4 Bg4 10. Rd1 h6 11. h3 Bh5 12. Bf4 Nbd7 13. Bh2 Re8 14. g4 Bxc3 15.
gxh5 Ba5 16. Ne5 Bc7 17. f4 Qe7 18. Kh1 Rad8 19. Rg1 Nxe5 20. dxe5 Nh7 21. Rg2
Bb6 22. Bg1 Kh8 23. Bf2 Bxf2 24. Qxf2 Qb4 25. Qg3 Rg8 26. Bb3 Qxe4 27. Bc2 Qb4
28. Rag1 Rd2 29. Rxd2 Qxd2 30. Rg2 Qc1+ 31. Kh2 Nf8 32. h4 Nd7 33. f5 Qxb2 34.
fxe6 fxe6 35. Re2 Qd4 36. Bb3 Nc5 37. Bc2 Rf8 38. Kg2 Rf4 39. Kh3 Nd3 40. Qxd3
Qxd3+ 41. Bxd3 Rf3+ 42. Kg4 Rxd3 43. Rc2 Kg8 44. Kf4 Kf7 45. Rg2 Rd4+ 46. Kg3 c5
47. Rf2+ Ke7 48. Rc2 c4 49. a4 Kd7 50. Rf2 Kc6 51. Rf7 c3 52. Rf8 Kd5 53. Rc8
Rc4 54. Rd8+ Kxe5 55. Rd1 Rxa4 56. Rc1 Kd4 57. Kf4 Kd3+ 58. Ke5 c2 {White
resigns} 0-1

[Event "Team 45 45 League T32"]
[Site "Internet Chess Club"]
[Date "2007.02.13"]
[Round "4"]
[White "kingfischer57"]
[Black "Rlopez"]
[Result "0-1"]
[WhiteElo "1748"]
[BlackElo "1712"]
[ECO "E43"]
[TimeControl "2700+45"]

1. d4 Nf6 2. c4 e6 3. Nc3 Bb4 4. e3 b6 5. Nf3 Bb7 6. Bd3 Ne4 7. Bd2 Nxd2 8. Qxd2
O-O 9. Be2 f5 10. a3 Be7 11. O-O d6 12. d5 e5 13. e4 f4 14. g3 g5 15. gxf4 gxf4
16. Kh1 Kh8 17. Rg1 Nd7 18. Rg2 Rg8 19. Rag1 Rxg2 20. Rxg2 Nc5 21. b4 Nd7 22.
Qc1 a5 23. b5 Bf6 24. Qg1 Nc5 25. a4 Bc8 26. Qd1 Bh3 27. Rg1 Qe7 28. Nd2 Bh4 29.
Qe1 Rf8 30. Bg4 Bxg4 31. Rxg4 Nd3 32. Qe2 Nxf2+ 33. Kg1 Nxg4 34. Qxg4 Rg8 {White
resigns} 0-1

[Event "Team 45 45 League T32"]
[Site "Internet Chess Club"]
[Date "2007.02.11"]
[Round "4"]
[White "AVEMARIA"]
[Black "tourettes"]
[Result "0-1"]
[WhiteElo "1771"]
[BlackElo "1837"]
[ECO "C03"]
[TimeControl "2700+45"]

1. e4 e6 2. d4 d5 3. Nd2 dxe4 4. Nxe4 Be7 5. Nf3 Nf6 6. Bd3 Nbd7 7. Bg5 h6 8.
Bxf6 Nxf6 9. Qe2 Bd7 10. O-O-O a6 11. h4 Nd5 12. Bc4 b5 13. Bxd5 exd5 14. Nc5
O-O 15. Nxd7 Qxd7 16. Ne5 Qe6 17. Qg4 Qxg4 18. Nxg4 Bd6 19. g3 Rfe8 20. Rhe1 f5
21. Ne5 c5 22. f4 c4 23. Re3 Bxe5 24. dxe5 Rad8 25. c3 Kf7 26. h5 Ke6 27. Kc2
Re7 28. Re2 Rb7 29. a3 a5 30. Red2 b4 31. axb4 axb4 32. Ra1 bxc3 33. Kxc3 Rb3+
34. Kd4 Rxg3 35. Ra6+ Ke7 36. Ra7+ Ke8 37. e6 Rg4 38. Ke5 d4 39. Kxf5 Rg3 40.
Ke4 Re3+ 41. Kf5 Rd5+ 42. Kg6 Rxe6+ 43. Kxg7 d3 44. Ra8+ Ke7 45. Ra7+ Rd7 46.
Rxd7+ Kxd7 47. f5 Re2 48. Rd1 Rxb2 49. f6 Rg2+ 50. Kxh6 d2 51. Kh7 Ke6 52. h6
Kxf6 53. Rf1+ Ke5 54. Kh8 c3 55. Ra1 c2 56. Ra5+ Kd4 {White resigns} 0-1

[Event "Team 45 45 League T32"]
[Site "Internet Chess Club"]
[Date "2007.02.17"]
[Round "4"]
[White "crankn8tr"]
[Black "herbertfaria"]
[Result "1/2-1/2"]
[WhiteElo "1626"]
[BlackElo "1664"]
[ECO "C45"]
[TimeControl "2700+45"]

1. e4 e5 2. Nf3 Nc6 3. d4 exd4 4. Nxd4 Bc5 5. Nxc6 Qf6 6. Qd2 bxc6 7. Bd3 Ne7 8.
O-O O-O 9. Nc3 Ng6 10. Kh1 Ne5 11. f4 Nxd3 12. cxd3 Ba6 13. Rf3 Rab8 14. b3 Bd4
15. Bb2 c5 16. e5 Qc6 17. Ne4 Qb6 18. Bxd4 cxd4 19. Qf2 Bb7 20. Re1 a5 21. Rh3
a4 22. Nf6+ gxf6 23. Qg3+ Kh8 24. Rxh7+ Kxh7 25. Qh4+ Kg7 26. Qg4+ {Game drawn
by mutual agreement} 1/2-1/2

[Event "Team 45 45 League T32"]
[Site "Internet Chess Club"]
[Date "2007.02.10"]
[Round "4"]
[White "BigNEazy"]
[Black "Legal"]
[Result "1-0"]
[WhiteElo "2214"]
[BlackElo "2044"]
[ECO "A30"]
[TimeControl "2700+45"]

1. Nf3 Nf6 2. c4 c5 3. g3 g6 4. Bg2 Bg7 5. O-O O-O 6. d4 cxd4 7. Nxd4 Nc6 8. Nc3
Nxd4 9. Qxd4 d6 10. Qh4 Qa5 11. e4 Be6 12. Nd5 Bxd5 13. exd5 Rac8 14. Bg5 Qa6
15. b3 b5 16. cxb5 Qxb5 17. Rac1 Qa6 18. Qa4 Qxa4 19. bxa4 h6 20. Be3 a6 21. Rc6
Ra8 22. a5 Rfb8 23. Rfc1 Rb5 24. Bb6 Nxd5 25. Bxd5 Rxd5 26. Rc8+ Rxc8 27. Rxc8+
Kh7 28. Ra8 Rd2 29. Rxa6 Bd4 30. Ra7 Kg7 31. Rxe7 Bxb6 32. axb6 Rxa2 33. Rd7 Rd2
34. Kf1 d5 35. Ke1 Rb2 36. b7 Kf6 37. Kd1 Ke6 38. Rc7 Rb6 39. Kd2 Rb1 40. Kd3
Rb6 41. Kd4 Rb5 42. g4 Kf6 43. f4 h5 44. g5+ Ke6 45. h4 Rb1 46. Kc5 Rb2 47. Rc6+
Ke7 48. Rb6 {Black resigns} 1-0

[Event "Team 45 45 League T32"]
[Site "Internet Chess Club"]
[Date "2007.02.11"]
[Round "4"]
[White "steve"]
[Black "upturnedcircle"]
[Result "1-0"]
[WhiteElo "2039"]
[BlackElo "1930"]
[ECO "C16"]
[TimeControl "2700+45"]

1. e4 e6 2. d4 d5 3. Nc3 Bb4 4. e5 Ne7 5. f4 b6 6. Bd2 Ba6 7. Nb5 Bxd2+ 8. Qxd2
O-O 9. Nf3 Nf5 10. O-O-O c6 11. g4 Bxb5 12. gxf5 Bxf1 13. Rhxf1 exf5 14. Qg2 Nd7
15. Rg1 g6 16. Qh3 Kh8 17. Ng5 h5 18. e6 Nf6 19. Nxf7+ Rxf7 20. exf7 Kh7 21. Qg3
{Black resigns} 1-0

[Event "Team 45 45 League T32"]
[Site "Internet Chess Club"]
[Date "2007.02.11"]
[Round "4"]
[White "DocHoliday"]
[Black "chsrules88"]
[Result "0-1"]
[WhiteElo "1970"]
[BlackElo "2074"]
[ECO "D11"]
[TimeControl "2700+45"]

1. d4 d5 2. c4 c6 3. Nf3 Nf6 4. g3 dxc4 5. Qc2 b5 6. Bg2 g6 7. O-O Bf5 8. Qd1
Bg7 9. Ne5 Be4 10. f3 Bxb1 11. Rxb1 O-O 12. f4 Nd5 13. a4 Bxe5 14. dxe5 e6 15.
Qc2 a6 16. Rd1 Qb6+ 17. Kh1 Ne3 18. Bxe3 Qxe3 19. b3 cxb3 20. Rxb3 Qb6 21. Rd6
Rc8 22. h4 Ra7 23. Qd3 Rac7 24. axb5 axb5 25. Rd8+ Kg7 26. Qd6 Rxd8 27. Qxd8 Rb7
28. Qf6+ Kg8 29. h5 Qc5 30. h6 Qf8 31. Rd3 Rd7 32. Qg5 Rxd3 33. exd3 b4 34. d4
b3 35. Be4 b2 36. g4 Nd7 37. Qh4 c5 38. dxc5 Nxc5 39. Bb1 Nb3 40. g5 Qa8+ 41.
Kh2 Qf3 42. Qf2 Qxf2+ {White resigns} 0-1

[Event "Team 45 45 League T32"]
[Site "Internet Chess Club"]
[Date "2007.02.10"]
[Round "4"]
[White "PaulKaspar"]
[Black "Sailor"]
[Result "1/2-1/2"]
[WhiteElo "1859"]
[BlackElo "1786"]
[ECO "B50"]
[TimeControl "2700+45"]

1. e4 c5 2. Nf3 d6 3. Bd3 Nf6 4. c3 Bg4 5. Bc2 Nc6 6. d3 e6 7. h3 Bxf3 8. Qxf3
d5 9. exd5 Qxd5 10. Qxd5 Nxd5 11. O-O Be7 12. Nd2 O-O 13. Re1 Rfd8 14. Nf3 Bf6
15. Bd2 Rac8 16. a3 a6 17. Re2 Rd7 18. Rae1 Rcd8 19. Nh2 b6 20. Ng4 Be7 21. Ne5
Nxe5 22. Rxe5 Bf6 23. R5e4 h6 24. h4 Ne7 25. g3 Nc6 26. Kg2 Rd5 27. Bf4 e5 28.
Bc1 Kf8 29. f4 Re8 30. fxe5 Rdxe5 31. Rxe5 Rxe5 32. Rxe5 Nxe5 33. d4 cxd4 34.
cxd4 Nc4 35. b3 Nd6 36. Be3 Nb5 37. d5 Bd4 38. Bc1 Ke7 39. a4 Nc7 40. Be4 a5 41.
Bf4 Kd8 42. g4 f6 43. Kf3 Na6 44. Bd3 Nc5 45. Bc4 Kd7 46. Bb5+ Kd8 47. Bc4 Kd7
48. g5 hxg5 49. hxg5 fxg5 50. Bxg5 Kd6 51. Kg4 Ne4 52. Kf5 Nxg5 53. Kxg5 Bf6+
54. Kg6 Bc3 55. Kf5 {Game drawn by mutual agreement} 1/2-1/2

[Event "Team 45 45 League T32"]
[Site "Internet Chess Club"]
[Date "2007.02.10"]
[Round "4"]
[White "azbycx"]
[Black "Terte"]
[Result "0-1"]
[WhiteElo "2000"]
[BlackElo "1983"]
[ECO "E88"]
[TimeControl "2700+45"]

1. d4 g6 2. c4 Bg7 3. e4 d6 4. Nc3 Nf6 5. f3 O-O 6. Be3 e5 7. d5 c6 8. Bd3 Nbd7
9. Rc1 Nh5 10. Nge2 f5 11. O-O f4 12. Bf2 c5 13. Nb5 Ndf6 14. g4 Nxg4 15. fxg4
Bxg4 16. h4 a6 17. Nbc3 g5 18. Kh2 gxh4 19. Rg1 Ng3 20. Qe1 Qg5 21. Qd2 Bd7 22.
Rg2 Qg4 23. Ng1 f3 24. Be2 fxe2 25. Ncxe2 Rf6 26. Rc3 Nf1+ {White resigns} 0-1

[Event "Team 45 45 League T32"]
[Site "Internet Chess Club"]
[Date "2007.02.11"]
[Round "4"]
[White "alexcolins"]
[Black "chiiwen"]
[Result "0-1"]
[WhiteElo "1756"]
[BlackElo "1906"]
[ECO "A80"]
[TimeControl "2700+45"]

1. d4 f5 2. Bg5 g6 3. Nd2 d5 4. e3 Bg7 5. c4 c6 6. Ngf3 Nf6 7. cxd5 cxd5 8. Bb5+
Bd7 9. Bxd7+ Nbxd7 10. Qb3 Qb6 11. Rc1 O-O 12. Qxb6 Nxb6 13. Rc7 Rac8 14. Rxc8
Rxc8 15. Kd1 h6 16. Bxf6 Bxf6 17. Nb3 Na4 18. Kd2 Nxb2 19. Rb1 Nc4+ 20. Kd3 b6
21. Rc1 Nb2+ 22. Kd2 Rxc1 23. Nxc1 Kf7 24. Kc2 Nc4 25. Nd2 Nxd2 26. Kxd2 e5 27.
Kc3 Ke6 28. Nd3 Kd6 29. f4 exd4+ 30. exd4 a5 31. a4 g5 32. g3 g4 33. Ne1 Ke6 34.
Nc2 Be7 35. Kb3 Bd6 36. Ne1 h5 37. Ng2 Bb4 38. Kc2 Be7 39. Ne1 h4 40. Nd3 hxg3
41. hxg3 Bf6 42. Kc3 Kd6 43. Nb2 Kc6 44. Kd3 b5 45. axb5+ Kxb5 46. Kc3 a4 47.
Nd3 a3 48. Nb4 Bxd4+ 49. Kxd4 Kxb4 50. Ke5 a2 51. Kxf5 a1=Q 52. Kxg4 Qg7+ 53.
Kh3 d4 {White resigns} 0-1

[Event "Team 45 45 League T32"]
[Site "Internet Chess Club"]
[Date "2007.02.11"]
[Round "4"]
[White "NESKAYA"]
[Black "pokerram"]
[Result "0-1"]
[WhiteElo "1636"]
[BlackElo "1706"]
[ECO "B50"]
[TimeControl "2700+45"]

1. e4 c5 2. Nf3 d6 3. c3 Nf6 4. Be2 Bg4 5. O-O Nc6 6. d4 cxd4 7. cxd4 g6 8. d5
Bxf3 9. Bxf3 Ne5 10. Be2 a6 11. Bg5 Ned7 12. Nc3 Bg7 13. Rc1 b5 14. b4 Rc8 15.
f3 Ne5 16. Bxf6 Bxf6 17. Qd2 Nc4 18. Bxc4 Rxc4 19. a3 O-O 20. Ne2 Qb6+ 21. Kh1
Rfc8 22. Rxc4 Rxc4 23. Rc1 Qc7 24. Rxc4 Qxc4 25. h3 Qb3 26. Nd4 Bxd4 27. Qxd4
Qxa3 28. Qb6 Qxb4 29. Qxa6 Kg7 30. Qa1+ f6 31. Qa6 Qe1+ 32. Kh2 b4 33. Qb7 Kf7
34. Qd7 b3 35. Qe6+ Kf8 36. Qc8+ Kg7 37. Qe8 b2 38. Qxe7+ Kh6 39. Qxf6 b1=Q 40.
Qf4+ Kg7 41. Qxd6 Qg1+ 42. Kg3 Qbe1+ {White resigns} 0-1

[Event "Team 45 45 League T32"]
[Site "Internet Chess Club"]
[Date "2007.02.11"]
[Round "4"]
[White "Lionskins"]
[Black "ogoon"]
[Result "1-0"]
[WhiteElo "1538"]
[BlackElo "1574"]
[ECO "A00"]
[TimeControl "2700+45"]

1. b4 e6 2. Bb2 Nf6 3. a3 c5 4. b5 a6 5. c4 axb5 6. cxb5 Be7 7. e3 d5 8. Nf3
Nbd7 9. h3 c4 10. Nc3 O-O 11. Qc2 Nc5 12. g4 Nd3+ 13. Bxd3 cxd3 14. Qxd3 Ne4 15.
Nxe4 dxe4 16. Qxe4 Qd5 17. Qxd5 exd5 18. g5 Bf5 19. Ke2 Rac8 20. Bc3 Be4 21.
Rhg1 Ra8 22. a4 g6 23. h4 f6 24. Nh2 fxg5 25. hxg5 Bf5 26. a5 Rfe8 27. Nf3 Bc5
28. d4 Bd6 29. Nh4 Bd7 30. Rab1 Rec8 31. Bd2 Rc2 32. Rb3 Rxa5 33. Kd3 Raa2 34.
Rd1 Rcb2 35. Rxb2 Rxb2 36. Ke2 Bxb5+ 37. Ke1 Bc4 38. Nf3 b5 39. Ne5 Bb3 40. Ra1
Ba2 41. Nd3 Rb1+ 42. Rxb1 Bxb1 43. Nb4 Kg7 44. Nxd5 h6 45. gxh6+ Kxh6 46. Ke2
Kg7 47. Nc3 Bf5 48. Nxb5 Bh2 49. f3 Be6 50. Nc3 Bc4+ 51. Kf2 Bc7 52. Ne4 Bd3 53.
Nc5 Bc4 54. e4 Kf7 55. Bc3 Bd8 56. Nb7 Bh4+ 57. Ke3 Ke7 58. d5 Bg3 59. Na5 Bb5
60. f4 Bh2 61. Kf3 Ba4 62. Be5 g5 63. Kg4 gxf4 64. Bxf4 Bg1 65. e5 Bd7+ 66. Kf3
Bb6 67. Nc4 Ba7 68. Bg5+ Kf7 69. Ke4 Kg6 70. Bf6 Bf5+ 71. Kf4 Bd4 72. Nd6 Bb2
73. Nxf5 Bc1+ 74. Ke4 Bb2 75. d6 Kf7 76. d7 Bxe5 77. Kxe5 Kg6 78. d8=Q Kh7 79.
Qh8+ Kg6 80. Qh6+ Kf7 81. Nd6+ Kg8 82. Qg7# {Black checkmated} 1-0

[Event "Team 45 45 League T32"]
[Site "Internet Chess Club"]
[Date "2007.02.11"]
[Round "4"]
[White "MarcoDeSade"]
[Black "Bookkeeper"]
[Result "1-0"]
[WhiteElo "1470"]
[BlackElo "1446"]
[ECO "B50"]
[TimeControl "2700+45"]

1. e4 c5 2. Nf3 d6 3. c3 Nf6 4. Be2 Nxe4 5. Qa4+ Qd7 6. Qxe4 d5 7. Qe3 e6 8. O-O
Be7 9. a4 a6 10. d4 Qc6 11. Ne5 Qb6 12. dxc5 Bxc5 13. Qg3 O-O 14. Nd2 Bd6 15. a5
Qc5 16. Nd3 Qc7 17. Qh3 e5 18. Qh4 Bf5 19. Ne1 Be7 20. Qg3 Bd6 21. Qg5 Bg6 22.
g3 Be7 23. Qe3 Bc5 24. Qg5 Be7 25. Qe3 Bc5 26. Qf3 e4 27. Qg2 e3 28. fxe3 Bxe3+
29. Kh1 Nc6 30. Nb3 Be4 31. Bf3 Bxf3 32. Rxf3 Ba7 33. Be3 Bb8 34. Bf4 Ne5 35.
Re3 f6 36. Nd3 Qc4 37. Nd2 Qb5 38. Nxe5 fxe5 39. Bxe5 Qxb2 40. Rae1 Bxe5 41.
Rxe5 Qxc3 42. Qxd5+ Kh8 43. R5e3 Qc2 44. Qd3 Qc6+ 45. Qe4 Qb5 46. Qe5 Qc6+ 47.
Kg1 h6 48. Qc3 Qb5 49. Re5 Qd7 50. Re7 Qb5 51. Qxg7# {Black checkmated} 1-0

[Event "Team 45 45 League T32"]
[Site "Internet Chess Club"]
[Date "2007.02.09"]
[Round "4"]
[White "Izeelden"]
[Black "HoHo"]
[Result "0-1"]
[WhiteElo "1664"]
[BlackElo "1747"]
[ECO "B50"]
[TimeControl "2700+45"]

1. e4 c5 2. Nf3 d6 3. c3 Nf6 4. Bb5+ Bd7 5. Bxd7+ Nbxd7 6. d3 e6 7. Bg5 Be7 8.
O-O O-O 9. Re1 Qc7 10. a4 Rac8 11. Nbd2 Rfd8 12. c4 a6 13. h3 Nb8 14. Nb3 Nc6
15. Qc2 Nb4 16. Qe2 Nc6 17. Rac1 b6 18. d4 cxd4 19. Nbxd4 Nxd4 20. Nxd4 Ne8 21.
Qg4 Bxg5 22. Qxg5 Qc5 23. Nf3 Qxg5 24. Nxg5 Rc5 25. Nf3 Rdc8 26. b3 b5 27. axb5
axb5 28. Red1 bxc4 29. bxc4 Rxc4 30. Rxc4 Rxc4 31. Nd4 h6 32. f3 Nf6 33. Nb5 d5
34. Nd6 Rc6 35. e5 Nd7 36. f4 f6 37. Ra1 fxe5 38. Ra8+ Kh7 39. Rd8 Rxd6 40. fxe5
Rc6 41. Rxd7 Kg6 42. Rd6 Rxd6 43. exd6 Kf7 44. Kf2 Ke8 45. Ke3 Kd7 46. Kd4 Kxd6
47. g4 e5+ 48. Kd3 Kc5 49. Ke3 Kc4 50. Kd2 Kd4 51. h4 e4 52. Ke2 e3 53. h5 Ke4
54. Ke1 d4 55. Ke2 d3+ 56. Ke1 d2+ 57. Ke2 Kd4 58. g5 hxg5 59. Kd1 Kd3 60. h6
e2# {White checkmated} 0-1

[Event "Team 45 45 League T32"]
[Site "Internet Chess Club"]
[Date "2007.02.08"]
[Round "4"]
[White "quotha"]
[Black "Jozin"]
[Result "1-0"]
[WhiteElo "1636"]
[BlackElo "1562"]
[ECO "C24"]
[TimeControl "2700+45"]

1. e4 e5 2. Bc4 Nf6 3. d3 d6 4. Nf3 Be7 5. h3 Nc6 6. a3 Nd4 7. Ng5 Be6 8. c3
Bxc4 9. cxd4 Nd7 10. Nf3 Ba6 11. d5 O-O 12. Nc3 Nc5 13. O-O Nxd3 14. b4 Nxc1 15.
b5 Bxb5 16. Nxb5 Qd7 17. a4 a6 18. Nc3 b6 19. Rxc1 f6 20. Na2 Rf7 21. Rc6 Bd8
22. Qd3 Ra7 23. Rfc1 Qc8 24. Rxd6 c5 25. dxc6 Bc7 26. Rd7 Rxd7 27. cxd7 Qf8 28.
Qd5+ Kh8 29. Rxc7 Ra8 30. Qxa8 {Black resigns} 1-0

[Event "Team 45 45 League T32"]
[Site "Internet Chess Club"]
[Date "2007.02.17"]
[Round "4"]
[White "alaskauk"]
[Black "EddieAdams"]
[Result "1/2-1/2"]
[WhiteElo "1490"]
[BlackElo "1567"]
[ECO "C68"]
[TimeControl "2700+45"]

1. e4 e5 2. Nf3 Nc6 3. Bb5 a6 4. Bxc6 dxc6 5. h3 f6 6. b3 Ne7 7. O-O c5 8. Na3
Nc6 9. Bb2 Be6 10. Kh1 Qd7 11. Ng1 O-O-O 12. d3 h6 13. Bc3 g5 14. Qh5 g4 15.
hxg4 Bxg4 16. Qh4 Qg7 17. f3 Bd7 18. Nc4 Be7 19. Qh2 Rdg8 20. Ne3 Qg6 21. Ne2
Nd4 22. Rf2 Bd6 23. Kg1 Rg7 24. Nc4 Nxe2+ 25. Rxe2 Rhg8 26. Nxd6+ cxd6 27. Rf1
h5 28. Rff2 h4 29. Kf1 h3 30. Qh1 hxg2+ 31. Rxg2 Qxg2+ 32. Rxg2 Rxg2 33. Qxg2
Rxg2 34. Kxg2 f5 {Game drawn by mutual agreement} 1/2-1/2

[Event "Team 45 45 League T32"]
[Site "Internet Chess Club"]
[Date "2007.02.11"]
[Round "4"]
[White "jonesey"]
[Black "Phosphorus"]
[Result "0-1"]
[WhiteElo "1989"]
[BlackElo "2113"]
[ECO "B20"]
[TimeControl "2700+45"]

1. e4 c5 2. Ne2 d6 3. g3 g6 4. Bg2 Bg7 5. d4 cxd4 6. Nxd4 Nc6 7. Be3 Nf6 8. Nxc6
bxc6 9. e5 Nd5 10. Bxd5 cxd5 11. Qxd5 Rb8 12. O-O O-O 13. Bxa7 Rxb2 14. Bd4 Rxc2
15. exd6 Be6 16. Qb7 Bxd4 17. Na3 Rb2 18. Nb5 exd6 19. a4 Bh3 20. Qc6 Bxf2+
{White resigns} 0-1

[Event "Team 45 45 League T32"]
[Site "Internet Chess Club"]
[Date "2007.02.12"]
[Round "4"]
[White "jayes"]
[Black "MiroslavR"]
[Result "1/2-1/2"]
[WhiteElo "2012"]
[BlackElo "1989"]
[ECO "C14"]
[TimeControl "2700+45"]

1. e4 e6 2. d4 d5 3. Nc3 Nf6 4. Bg5 Be7 5. e5 Nfd7 6. Bxe7 Qxe7 7. f4 a6 8. Bd3
c5 9. Nf3 Nc6 10. O-O O-O 11. Ng5 h6 12. Nf3 cxd4 13. Ne2 Nc5 14. Nexd4 Bd7 15.
c3 Nxd3 16. Qxd3 f6 17. Rae1 f5 18. Rf2 Kh8 19. g3 g5 20. fxg5 hxg5 21. h4 g4
22. Ng5 Nxd4 23. cxd4 Rac8 24. Rc2 Rxc2 25. Qxc2 Qb4 26. Qf2 Kg7 27. Rc1 Rc8 28.
Rxc8 Bxc8 29. a3 Qb3 30. Kg2 Qd3 31. Kg1 Qd1+ 32. Kg2 Qd3 33. b3 Qc3 34. Qa2 b5
35. a4 b4 36. a5 Qd3 37. Qa4 {Game drawn by mutual agreement} 1/2-1/2

[Event "Team 45 45 League T32"]
[Site "Internet Chess Club"]
[Date "2007.02.09"]
[Round "4"]
[White "Bort"]
[Black "martineden"]
[Result "1-0"]
[WhiteElo "1993"]
[BlackElo "1938"]
[ECO "D04"]
[TimeControl "2700+45"]

1. d4 d5 2. Nf3 Nf6 3. e3 c5 4. dxc5 e6 5. b4 a5 6. c3 axb4 7. cxb4 b6 8. Bb5+
Bd7 9. Bxd7+ Nbxd7 10. a4 bxc5 11. b5 Bd6 12. Bb2 O-O 13. Nbd2 Bc7 14. O-O Qb8
15. Qe2 c4 16. e4 Re8 17. Rfb1 Ba5 18. e5 Ng4 19. h3 c3 20. hxg4 cxb2 21. Ra3
Bb4 22. Rb3 Rxa4 23. R3xb2 Bc3 24. Rc2 Bxd2 25. Qxd2 Nxe5 26. b6 Nc4 27. Qd4 Qb7
28. Ne5 Rc8 29. Nd3 Ra6 30. Nc5 Rxb6 31. Nxb7 Rxb1+ 32. Kh2 Rxb7 33. f4 Rcb8 34.
f5 Rb4 35. fxe6 fxe6 36. Qf4 e5 37. Qf5 Rd8 38. Qe6+ Kh8 39. g5 Rb6 40. Qe7 Rbb8
41. g6 hxg6 42. Qg5 e4 43. Rf2 Rd6 44. Rf7 Kg8 45. Qe7 {Black resigns} 1-0

[Event "Team 45 45 League T32"]
[Site "Internet Chess Club"]
[Date "2007.02.10"]
[Round "4"]
[White "JohnnySP"]
[Black "SpikeyJ"]
[Result "0-1"]
[WhiteElo "1894"]
[BlackElo "2096"]
[ECO "B07"]
[TimeControl "2700+45"]

1. e4 d6 2. d4 Nf6 3. Nc3 g6 4. Be3 c6 5. h3 Nbd7 6. Nf3 Qc7 7. Be2 b5 8. a3 Bb7
9. O-O Bg7 10. Qd2 O-O 11. Bh6 a6 12. Bxg7 Kxg7 13. Qe3 e5 14. dxe5 dxe5 15. Nh2
Rad8 16. Rad1 Nb6 17. b3 Rxd1 18. Rxd1 Rd8 19. Ng4 Rxd1+ 20. Bxd1 Nbd7 21. Qh6+
Kg8 22. Nxf6+ Nxf6 23. Qg5 Qd6 24. Be2 Kg7 25. Bd3 Qd4 26. Ne2 Qa1+ 27. Qc1
Qxc1+ 28. Nxc1 c5 29. f3 Ne8 30. c4 Nd6 31. Ne2 f5 32. exf5 gxf5 33. Nc3 e4 34.
fxe4 fxe4 35. Be2 bxc4 36. Bxc4 Nxc4 37. bxc4 Kf6 38. Na4 Ke5 39. Nxc5 Bc8 40.
Kf2 Kd4 41. Na4 Bd7 42. Nb6 Bc6 43. g4 Kc5 44. Nc8 Kxc4 45. Ke3 Kb3 46. g5 Bd7
47. Nd6 Bxh3 48. Nxe4 Kxa3 49. Nf6 Bf5 50. Kd2 Kb2 51. Nd5 Bg6 52. Ne3 Bh5 53.
Nc4+ Kb3 54. Na5+ Kb4 55. Nc6+ Kc5 56. Na5 Kd4 57. Nc6+ Ke4 58. Kc3 Kf4 59. Nd4
Bg6 60. Ne6+ Kf5 61. Nc5 a5 62. Nb7 a4 63. Kb4 Kxg5 64. Kxa4 h5 65. Nd6 h4 66.
Nc4 h3 67. Nd2 Kf4 68. Nf1 Bd3 69. Nh2 Kg3 {White resigns} 0-1

[Event "Team 45 45 League T32"]
[Site "Internet Chess Club"]
[Date "2007.02.13"]
[Round "4"]
[White "NotSoGreat"]
[Black "searchforbobby1"]
[Result "1/2-1/2"]
[WhiteElo "2327"]
[BlackElo "2136"]
[ECO "B25"]
[TimeControl "2700+45"]

1. e4 c5 2. Nc3 Nc6 3. g3 g6 4. Bg2 Bg7 5. d3 d6 6. f4 Rb8 7. Nf3 b5 8. O-O b4
9. Ne2 Nf6 10. h3 O-O 11. Be3 Qc7 12. Qd2 Nd7 13. c3 bxc3 14. bxc3 Ba6 15. g4
Rb7 16. Rab1 Rfb8 17. Qc2 Qa5 18. Bd2 Rxb1 19. Rxb1 Rxb1+ 20. Qxb1 Qb6 21. Qc2
Qb5 22. c4 Qb2 23. Qxb2 Bxb2 24. Bc3 Bxc3 25. Nxc3 Nb4 26. Ne1 e5 27. f5 f6 28.
Kf2 Kf7 29. Ke2 Nb6 30. a3 Nc6 31. Nc2 Nd4+ 32. Nxd4 cxd4 33. Nd1 Na4 34. Kd2 g5
35. Kc2 Nc5 36. Bf3 Bb7 37. Nf2 Bc6 38. Kc1 Nb3+ 39. Kb2 Nc5 40. Bd1 Ke7 41. Bb3
h6 42. Bc2 Be8 43. Nh1 Kd8 44. Nf2 Ke7 45. Nh1 Kd8 46. Ng3 Kc7 47. Ne2 Kd8 48.
Nc1 Kc7 49. Bb3 a5 50. Bc2 Kd8 51. Nb3 Nxb3 52. Kxb3 Kc7 53. Bd1 Kb6 54. Bc2 Kc5
55. Bd1 Bd7 56. a4 {Game drawn by mutual agreement} 1/2-1/2

[Event "Team 45 45 League T32"]
[Site "Internet Chess Club"]
[Date "2007.02.10"]
[Round "4"]
[White "Burning-Bush"]
[Black "KingWhacker"]
[Result "0-1"]
[WhiteElo "2076"]
[BlackElo "1922"]
[ECO "E67"]
[TimeControl "2700+45"]

1. d4 Nf6 2. c4 g6 3. g3 Bg7 4. Bg2 d6 5. Nc3 O-O 6. Nf3 Nbd7 7. O-O e5 8. d5 a6
9. h3 Ne8 10. Be3 h6 11. Qd2 Kh7 12. Nh2 f5 13. f4 e4 14. Bd4 Bxd4+ 15. Qxd4 Qf6
16. Qe3 Ng7 17. b4 Nb6 18. c5 Nc4 19. Qc1 Qd4+ 20. Kh1 Ne3 21. Rg1 dxc5 22. bxc5
Qxc5 23. Nf1 Nxd5 24. Nxd5 Qxd5 25. Qxc7 Be6 26. Qb6 Rfd8 27. Ne3 Qd4 28. Qxd4
Rxd4 29. Rgb1 b5 30. Rb2 Rad8 31. Rc1 Rd2 32. Rcc2 Rxc2 33. Rxc2 Rc8 34. Rxc8
Bxc8 35. Kg1 b4 36. Nc2 a5 37. Nd4 a4 38. e3 Ne6 39. Ne2 b3 40. axb3 axb3 41.
Nc3 Ba6 42. Bf1 Bd3 43. Na4 Nc5 44. Nb2 Kg7 45. Kf2 Kf6 46. Ke1 Ke6 47. Be2 Bxe2
48. Kxe2 Kd5 49. Kd2 Nd3 50. Nd1 Kc4 51. g4 Kb4 52. Nc3 Ka3 53. gxf5 gxf5 54. h4
h5 55. Kd1 Kb2 56. Kd2 Ka1 57. Kd1 Nb4 58. Kc1 b2+ 59. Kd2 b1=Q 60. Nxb1 Kxb1
61. Kc3 Nc2 {White resigns} 0-1

[Event "Team 45 45 League T32"]
[Site "Internet Chess Club"]
[Date "2007.02.09"]
[Round "4"]
[White "six-killer"]
[Black "TheObliterator"]
[Result "1-0"]
[WhiteElo "1738"]
[BlackElo "1636"]
[ECO "B53"]
[TimeControl "2700+45"]

1. e4 c5 2. Nf3 d6 3. d4 cxd4 4. Qxd4 Nc6 5. Bb5 Bd7 6. Bxc6 Bxc6 7. Nc3 Nf6 8.
Bg5 Qa5 9. O-O-O O-O-O 10. Kb1 h6 11. Bxf6 gxf6 12. b4 Qc7 13. Qxa7 Bg7 14. b5
Be8 15. Nd5 Qb8 16. Nxe7+ Kd7 17. Qxb8 Rxb8 18. Nf5 Bf8 19. Rd5 Rg8 20. g3 Rg4
21. Nd2 Kc7 22. f3 Rg8 23. Nc4 Bd7 24. Ncxd6 Bxd6 25. Nxd6 Be6 26. Rd3 Ra8 27.
c4 Ra4 28. Rd4 Rga8 29. Rd2 Ra3 30. f4 Rc3 31. Rc1 Rxc1+ 32. Kxc1 Ra3 33. Kb2
Re3 34. c5 h5 35. Ne8+ Kc8 36. Nxf6 Bc4 37. b6 h4 38. Ne8 Be6 39. Nd6+ Kb8 40.
Nxf7 {Black resigns} 1-0